 Dungeon Sprint DCSS version 0.21-a0-401-g0b6bec4 (webtiles) character file.

303 Amnesiac the Conjurer (level 6, -6/45 HPs)
             Began as a Draconian Ice Elementalist on Oct 21, 2017.
             Was an Initiate of Sif Muna.
             Mangled by a yak (15 damage)
             ... in the Dungeon (Sprint I: "Red Sonja").
             The game lasted 00:03:47 (871 turns).

Amnesiac the Conjurer (Draconian Ice Elementalist)   Turns: 871, Time: 00:03:48

Health: -6/45      AC:  6    Str: 10    XL:     6   Next: 15%
Magic:  1/15       EV: 13    Int: 17    God:    Sif Muna [......]
Gold:   162        SH:  0    Dex: 12    Spells: 3/17 levels left

rFire    . . .     SeeInvis .   (no weapon)
rCold    . . .     Gourm    .   (no shield)
rNeg     . . .     Faith    .   (armour unavailable)
rPois    .         Spirit   .   (helmet restricted)
rElec    .         Reflect  .   (no cloak)
rCorr    .         Harm     .   (no gloves)
MR       .....     NoTele   +   (no boots)
Stlth    ++........             (no amulet)
HPRegen  0.15/turn              (no ring)
MPRegen  0.14/turn              (no ring)

@: very slightly contaminated
A: unfitting armour, cold-blooded, AC +6
a: Renounce Religion


You were in the Dungeon.
You worshipped Sif Muna.
Sif Muna was noncommittal.
You were hungry.

You visited 1 branch You collected 162 gold pieces.

Inventory:

Scrolls
 c - a scroll of identify {!r, unknown}
 h - a scroll of blinking {!r}
Potions
 e - a potion of haste {!q}
 f - 2 potions of magic {!q}
 g - a potion of berserk rage {!q}
 i - a potion of lignification {!q, unknown}
Books
 a - a book of Frost

   Spells                             Type                      Level
   a - Freeze                         Ice                          1
   b - Throw Frost                    Conjuration/Ice              2
   c - Ozocubu's Armour               Charms/Ice                   3
   d - Throw Icicle                   Conjuration/Ice              4
   e - Summon Ice Beast               Ice/Summoning                4
Comestibles
 b - a bread ration


   Skills:
 - Level 3.3 Dodging
 - Level 1.7 Stealth
 + Level 6.2 Spellcasting
 * Level 7.9 Conjurations
 * Level 7.9 Ice Magic


You had 3 spell levels left.
You knew the following spells:

 Your Spells              Type           Power        Failure   Level  Hunger
a - Freeze                Ice            ####         1%          1    None
b - Throw Frost           Conj/Ice       ####..       1%          2    None
c - Ozocubu's Armour      Chrm/Ice       ###.....     8%          3    ##.....
d - Throw Icicle          Conj/Ice       ####....     4%          4    ####...
e - Summon Ice Beast      Ice/Summ       ###.....     24%         4    ####...


Dungeon Overview and Level Annotations

Branches:
Dungeon (1/1)

Altars:
Cheibriados
Dithmenos
Elyvilon
Fedhas
Hepliaklqana
Kikubaaqudgha
Okawaru
Qazlal
Ru
Sif Muna
Trog
Uskayaw
Vehumet
Wu Jian
Yredelemnul
Zin
The Shining One

Shops:
D !


Innate Abilities, Weirdness & Mutations

Your plain brown scales are hard. (AC +6)
You cannot fit into any form of body armour.
You are cold-blooded and may be slowed by cold attacks.


Message History

You start memorising the spell.
You continue memorising. x4
You finish memorising.
Spell assigned to 'e'.
You start resting.
Magic restored.
You start resting.
Magic restored.
You open the door.
Found 135 gold pieces.
You open the door.
A yak comes into view.
Found Tajagg's Distillery.
Found fourteen altars.
Casting: Throw Frost
Confirm with . or Enter, or press ? or * to list all spells.
Okay, then.
Casting: Throw Frost
Confirm with . or Enter, or press ? or * to list all spells.
You miscast Summon Ice Beast.
You are very lightly contaminated with residual magic.
You are caught in a localised spatial distortion.
The yak gores you!
There is an ornate altar of the Wu Jian Council here.
You see here 31 stones.
There is an open door here.
Casting: Summon Ice Beast
Confirm with . or Enter, or press ? or * to list all spells.
A chill wind blows around you. The yak gores you but does no damage.
There is an open door here.
Casting: Summon Ice Beast
Confirm with . or Enter, or press ? or * to list all spells.
You miscast Summon Ice Beast.
Strange energies run through your body.
You are feeling hungry.
The yak gores you!
* * * LOW HITPOINT WARNING * * *
Your ice beast freezes the yak.
Your ice beast freezes the yak.
Casting: Summon Ice Beast
Confirm with . or Enter, or press ? or * to list all spells.
Aiming: Freeze
Press: ? - help, Shift-Dir - straight line, f - yak
Aim: a yak (heavily wounded)
You freeze the yak.
The yak is heavily wounded.
The yak gores you!
* * * LOW HITPOINT WARNING * * *
Okay, then.
Casting: Freeze
Confirm with . or Enter, or press ? or * to list all spells.
Aiming: Freeze
Press: ? - help, Shift-Dir - straight line, f/p - yak
Aim: a yak (heavily wounded)
You freeze the yak.
The yak is heavily wounded.
The yak gores you.
* * * LOW HITPOINT WARNING * * *
Unknown command.
Casting: Freeze
Confirm with . or Enter, or press ? or * to list all spells.
Aiming: Freeze
Press: ? - help, Shift-Dir - straight line, f/p - yak
Aim: a yak (heavily wounded)
You freeze the yak.
The yak is heavily wounded.
The yak gores you!
You die...

################
#<.#..)..#.@YY.#
#..'..#..').#..+
#..#####'#####'#
#..# #..#$$$#(#
#..#__####$$##.#
#.[#_____##'#_.+
#⌠⌠#_.∩...'..._#
####_..__##_.#+#
___ ##+#


You could see a yak and a friendly ice beast.

Vanquished Creatures
  Sigmund (D)
  An ogre (D)
  A jelly (D)
  Ijyb (D)
4 creatures vanquished.

Notes
Turn   | Place    | Note
-------+----------+-------------------------------------------
     0 | D        | Amnesiac the Draconian Ice Elementalist began the quest for the Orb.
     0 | D        | Reached XP level 1. HP: 14/14 MP: 3/3
     1 | D        | Noticed Ijyb
    78 | D        | Killed Ijyb
    78 | D        | Reached skill level 5 in Ice Magic
    78 | D        | Reached XP level 2. HP: 5/20 MP: 0/6
    84 | D        | Learned a level 2 spell: Throw Frost
   347 | D        | Noticed an ogre
   399 | D        | Killed an ogre
   399 | D        | Reached skill level 5 in Conjurations
   399 | D        | Reached XP level 3. HP: 5/26 MP: 0/9
   399 | D        | Reached XP level 4. HP: 6/33 MP: 0/10
   405 | D        | Learned a level 4 spell: Throw Icicle
   409 | D        | Learned a level 3 spell: Ozocubu's Armour
   638 | D        | Noticed Sigmund
   649 | D        | Killed Sigmund
   649 | D        | Reached XP level 5. HP: 17/38 MP: 1/13
   649 | D        | Reached XP level 6. HP: 20/45 MP: 1/15
   810 | D        | Found an ornate altar of the Wu Jian Council.
   810 | D        | Found a deep blue altar of Sif Muna.
   815 | D        | Found a radiant altar of Vehumet.
   820 | D        | Became a worshipper of Sif Muna the Loreminder
   826 | D        | Learned a level 4 spell: Summon Ice Beast
   857 | D        | Found Tajagg's Distillery.
   857 | D        | Found an ancient bone altar of Kikubaaqudgha.
   857 | D        | Found a hazy altar of Hepliaklqana.
   857 | D        | Found a stormy altar of Qazlal.
   857 | D        | Found a hide-covered altar of Uskayaw.
   857 | D        | Found a blossoming altar of Fedhas.
   857 | D        | Found a bloodstained altar of Trog.
   857 | D        | Found an iron altar of Okawaru.
   857 | D        | Found a basalt altar of Yredelemnul.
   857 | D        | Found a glowing golden altar of the Shining One.
   857 | D        | Found a snail-covered altar of Cheibriados.
   857 | D        | Found a sacrificial altar of Ru.
   857 | D        | Found a glowing silver altar of Zin.
   857 | D        | Found a shadowy altar of Dithmenos.
   857 | D        | Found a white marble altar of Elyvilon.
   857 | D        | Noticed a yak
   871 | D        | Mangled by a yak

Vault maps used:
D:        dungeon_sprint_1

Skill      XL: |  1  2  3  4  5  6 |
---------------+-------------------+-----
Spellcasting   | 3 4 6 |  6.2
Ice Magic      | 5 6 7 |  7.9
Conjurations   | 5 7 |  7.9
Dodging        | 3 |  3.3
Stealth        | |  1.7

Action                   |  1- 3 |  4- 6 || total
-------------------------+-------+-------++-------
 Cast: Freeze            |    11 |    11 ||    22
       Throw Frost       |     4 |     3 ||     7
       Ozocubu's Armour  |       |     1 ||     1
       Summon Ice Beast  |       |     1 ||     1
  Use: Potion            |     1 |     1 ||     2
Armor: Skin              |     9 |     2 ||    11
Dodge: Dodged            |    17 |     3 ||    20

Table legend:
 A = Spawn XP
 B = Non-spawn XP
 C = Spawn XP percentage of total XP
 D = Spawn monster count
 E = Non-spawn monster count
 F = Spawn count percentage of total count
 G = Total turns spent on level
                    A         B        C        D         E        F      G
               +---------+---------+-------+---------+---------+-------+---------
         Total |       0 |     434 |   0.0 |       0 |       4 |   0.0 |   871
               +---------+---------+-------+---------+---------+-------+---------
             D |       0 |     434 |   0.0 |       0 |       4 |   0.0 |   871
               +---------+---------+-------+---------+---------+-------+---------
